← All builds
Geo / Armada / Economy first / OBSERVED BUILD

Standard geo

Eco-first Geo build that rushes geothermal power and T2 constructor before transitioning into Starlight-led T2 units for front, the role's baseline play.

Usually blows up the commander for T2 (67%)

#eco #t2 · 751 distinct matches · 110 players · 59% of Armada Geo games · team won 55% of 845 · Recently observed

HOW TO PLAY IT

Key timing: Geothermal Powerplant by 3:26

  1. Open mex and wind into Bot Lab.
  2. Rush geothermal for the early energy spike.
  3. Add Advanced Metal Extractor, then Advanced Geothermal by 7:07.
  4. Bring up Vehicle Plant alongside T2 con for "Starlight" and vehicles.
  5. Funnel "Starlight" and T1 vehicles to front, pay allies with cons and "Lazarus".

Phase by phase

TYPICAL OF ITS 751 GAMES
  1. 1
  2. 2
  3. 3
  4. 4
PLAY THE OPENING

Follow the example game's first 6:00 step by step: what to build now, what comes next, and where it goes. At 1× it keeps pace with your own game.

  1. 1

    Up to the Bot Lab

    Economy
    • Metal Extractor2Mex
    • Wind Turbine4Wind
    Order
    1. Bot LabBot Lab after 2 mex, 4 winddone ~1:11, middle half 0:58–1:22

    By 0:55 in all: 2 mex · 4 wind

    The example game in this phase · 4 steps
    1. Mex ×2
    2. Solar
    3. Wind
    4. Bot LabBot Labdone 0:48 · typical 1:11
  2. 2

    Bot Lab to 5:00

    Economy
    • Metal Extractor2Mex
    • Wind Turbine3Wind
    • Energy Converter8Converter
    • Energy Storage1Energy storage
    Order
    1. Geothermal PowerplantGeo after 4 mex, 5 wind, 1 energy storage
    Builders
    • Construction Turret5 Con turret
    • Lazarus4 Lazarus
    • Construction Bot2 Con bot
    • Construction Bot1 Con bot for allies
    • Lazarus1 Lazarus for allies

    By 5:00 in all: 4 mex · 7 wind · 1 geo · 8 converter · 1 energy storage · 5 con turret

    The example game in this phase · 20 steps
    1. Wind
    2. LazarusLazarus
    3. Wind ×2
    4. LazarusLazarus
    5. Wind
    6. Radar TowerRadar Tower
    7. LazarusLazarus
    8. Energy storage
    9. Construction BotCon bot
    10. Construction BotCon botfor Beach sea
    11. Construction BotCon bot
    12. Mex
    13. Geothermal PowerplantGeodone 3:08 · typical 3:26
    14. Con turret ×3
    15. Mex
    16. Con turret ×2
    17. Converter ×2
    18. Con turret
    19. Converter ×7
    20. Advanced Metal ExtractorT2 mexdone 5:30 · typical 5:33
  3. 3

    5:00 to Vehicle Plant

    Order
    1. Advanced Geothermal PowerplantAdvanced Geothermal Powerplant after 8 wind, 10 converter, 6 con turretin 59% of games
    2. Vehicle PlantVehicle Plant after 10 wind, 10 converter, 6 con turretdone ~7:07, middle half 6:41–7:40
    Builders
    • Construction Turret1 Con turret

    Some games also: converter (49%) · wind (47%)

    By 6:59 in all: 4 mex · 10 wind · 1 geo · 1 Advanced Geothermal Powerplant · 10 converter · 1 energy storage

    The example game in this phase · 20 steps
    1. Converter ×2
    2. Advanced Geothermal PowerplantAdvanced Geothermal Powerplantdone 6:30 · typical 7:06
    3. Advanced Metal ExtractorT2 mex
    4. Converter ×3
    5. Advanced Metal ExtractorT2 mex
    6. Converter ×8
    7. Advanced Metal ExtractorT2 mex
    8. Converter ×4
    9. Con turret
    10. Wind
    11. Aircraft PlantAircraft Plantdone 7:31
    12. StormbringerBomber ×5
    13. Wind
    14. StormbringerBomber ×6
    15. Wind
    16. StormbringerBomber ×4
    17. BlinkScout plane ×3
    18. Wind
    19. FalconFighter ×6
    20. Vehicle PlantVehicle Plantdone 8:52 · typical 7:07
  4. 4

    Vehicle Plant to 10:00

    Economy
    • Wind Turbine5Wind
    • Energy Converter3Converter
    Order
    1. Advanced Vehicle PlantAdvanced Vehicle Plant after 11 wind, 11 converter, 7 con turret
    Builders
    • Construction Vehicle1 Con vehicle
    Army
    • Starlight2 Starlight
    • Umbra1 Jammer
    • Prophet1 Radar vehicle

    Some games also: con turret (50%) · T2 con vehicle for allies (49%) · Jaguar (31%)

    By 10:00 in all: 4 mex · 20 wind · 1 geo · 1 Advanced Geothermal Powerplant · 16 converter · 1 energy storage

    The example game in this phase · 67 steps
    1. FalconFighter
    2. Wind
    3. FalconFighter
    4. Construction VehicleCon vehicle
    5. FalconFighter
    6. Advanced Vehicle PlantAdvanced Vehicle Plantdone 9:35 · typical 8:06
    7. Wind
    8. BlitzBlitz
    9. BeamerBeamer
    10. BlitzBlitz ×3
    11. Wind
    12. BlitzBlitz ×4
    13. Wind
    14. Mex
    15. Bot LabBot Labdone 11:32
    16. Wind
    17. UrchinUrchin
    18. Wind
    19. Advanced Metal ExtractorT2 mex
    20. JellyfishJellyfish
    21. RiptideFrigatenot finished by 15:00
    22. OppressorDestroyer ×2not finished by 15:00
    23. Con turret
    24. HerringMissile corvette
    25. RiptideFrigate ×2
    26. OppressorDestroyer
    27. Mex
    28. Advanced Metal ExtractorT2 mex
    29. Wind
    30. Death CavalryDeath Cavalry
    31. Wind
    32. Mex
    33. Construction BotCon bot
    34. HerringMissile corvette
    35. Mex
    36. Wind
    37. RiptideFrigate
    38. Construction BotCon bot
    39. Wind
    40. Geothermal PowerplantGeodone 13:21
    41. RiptideFrigate
    42. Wind
    43. OppressorDestroyer
    44. Wind
    45. Death CavalryDeath Cavalry
    46. Wind ×2
    47. Naval Radar / Sonar TowerNaval Radar / Sonar Tower
    48. HerringMissile corvette
    49. UrchinUrchin
    50. RiptideFrigate
    51. Wind
    52. RiptideFrigate
    53. Wind
    54. Advanced Metal ExtractorT2 mex
    55. Construction ShipCon ship
    56. Naval Construction Turret
    57. SprinterSprinter
    58. OppressorDestroyer
    59. Wind
    60. BeamerBeamer
    61. Naval Construction Turret
    62. Death CavalryDeath Cavalry
    63. BeamerBeamer
    64. Wind
    65. HerringMissile corvette
    66. Advanced ShipyardAdvanced Shipyardnot finished by 15:00
    67. RiptideFrigate

Counts are medians over the build's games: half of them build more, half fewer. The example game is Gieds's (48 OS, 19/09/2026); pick another.

Team trades

IN AT LEAST 30% OF ITS GAMES

You hand over

  • Lazarus1 Lazarus to Beach seafirst at 2:16 · in 78% of games
  • Construction Bot1 Con bot to Beach seafirst at 2:30 · in 88% of games
  • Advanced Construction Vehicle1 T2 con vehicle to Suicide front or Frontfirst at 8:52 · in 62% of games

You get

  • Hercules1 Light transport from Airfirst at 4:19 · in 34% of games
  • Advanced Construction Bot1 T2 con bot from Techfirst at 4:48 · in 95% of games

How it plays out

Typical game of this build, running totals by minute

Metal produced

020k40k
0:005:0010:0015:00

metal

Enemy metal destroyed

05k10k15k
0:005:0010:0015:00

metal

Own metal lost

02.5k5k7.5k
0:005:0010:0015:00

metal

845 games.

Show as table
ByMetal produced: This buildEnemy metal destroyed: This buildOwn metal lost: This build
1:0033300
2:0082700
3:00153000
4:00270700
5:00373200
6:00572700
7:00816700
8:0011507021
9:001453351130
10:0017436630320
11:00204162108824
12:002336940291940
13:002613961873295
14:002902585104756
15:0031663103966186
WHAT THE NUMBERS SAY

Standard Geo build dominates the resource numbers, with zero own losses through 10:00 and a huge metal lead by 15:00.

  • + Metal produced hits 31426 by 15:00, highest of all six builds
  • + Own metal lost is 0 by 5:00 and only 334 by 10:00
  • − First Starlight only arrives in 57% of games by 9:19
  • − Advanced geothermal lands in just 69% of games by 7:16
THE EXAMPLE YOU ARE READING

Gieds

47.5 OS · 19/09/2026

Open source match ↗

68 received units · includes a constructor
141 metal received · 43294 energy received

Allied construction assistance is unknown. Timings are observations, not a promise of solo reproducibility.

Typical milestones

Bot Lab1:11Middle 50%: 0:58–1:22 · n=844
Geothermal Powerplant3:26Middle 50%: 3:10–3:42 · n=843
Advanced Metal Extractor5:33Middle 50%: 5:17–5:56 · n=842
Advanced Geothermal Powerplant7:06Middle 50%: 6:49–7:33 · n=606
Vehicle Plant7:07Middle 50%: 6:41–7:40 · n=805
Advanced Vehicle Plant8:06Middle 50%: 7:40–8:47 · n=767
Starlight9:02Middle 50%: 8:32–9:51 · n=670

Played most by

0neTw086games of this buildzeus_on_god86games of this buildViltrum54games of this buildDamsko44games of this buildXad42games of this build